 Dungeon Crawl Stone Soup version 0.21.1-1-g345015f (webtiles) character file.

21786 masayah the Severer (level 12, 0/108 HPs)
             Began as a Minotaur Fighter on June 13, 2018.
             Was a High Priest of the Shining One.
             Slain by an orc warlord
             ... wielding a +2 great sword of holy wrath
              (17 damage)
             ... on level 1 of the Orcish Mines.
             The game lasted 01:19:30 (13092 turns).

masayah the Severer (Minotaur Fighter)             Turns: 13092, Time: 01:19:32

Health: 0/108      AC: 16    Str: 25    XL:     12   Next: 57%
Magic:  15/15      EV:  7    Int:  5    God:    the Shining One [*****.]
Gold:   474        SH: 18    Dex: 11    Spells: 11/11 levels left

rFire    . . .     SeeInvis +   b - +3 war axe
rCold    + + .     Gourm    .   I - +1 shield {rC+}
rNeg     + + .     Faith    .   e - +1 chain mail {rC+}
rPois    .         Spirit   .   (helmet restricted)
rElec    .         Reflect  +   l - +0 cloak
rCorr    .         Harm     .   (no gloves)
MR       .....                  k - +1 pair of boots
Stlth    ..........             P - +5 amulet of reflection
HPRegen  0.28/turn              w - ring of see invisible
MPRegen  0.14/turn              (no ring)

@: about to teleport, hasted, glowing, very quick
A: retaliatory headbutt, horns 2
a: Divine Shield, Cleansing Flame, Summon Divine Warrior, Renounce Religion


You were on level 1 of the Orcish Mines.
You worshipped the Shining One.
The Shining One was extremely pleased with you.
You were not hungry.

You visited 2 branches of the dungeon, and saw 14 of its levels.

You collected 968 gold pieces.
You spent 494 gold pieces at shops.

Inventory:

Hand Weapons
 b - a +3 war axe (weapon)
 B - a +0 mace of venom
Armour
 e - a +1 chain mail of cold resistance (worn)
 k - a +1 pair of boots (worn)
 l - a +0 cloak (worn)
 y - a +3 ring mail of poison resistance
 I - a +1 shield of cold resistance (worn)
 M - a +1 scale mail of poison resistance
Jewellery
 m - an uncursed ring of ice
 w - a ring of see invisible (left hand)
 O - the amulet of Xuisup {Spirit Int-3 Dex+6}
   (You took it off an orc wizard on level 11 of the Dungeon)

   [amulet of guardian spirit]

   It causes incoming damage to be split between your health and magic.
   It affects your intelligence (-3).
   It affects your dexterity (+6).
 P - a +5 amulet of reflection (around neck)
Wands
 v - a wand of digging (10)
 D - a wand of acid (7)
 L - a wand of iceblast (5)
 N - a wand of flame (31)
Scrolls
 g - a scroll of fear
 h - 4 scrolls of identify
 i - 5 scrolls of blinking
 j - a scroll of amnesia
 n - 2 scrolls of enchant armour
 p - 8 scrolls of remove curse
 s - 3 scrolls of teleportation
 u - a scroll of enchant weapon {unknown}
 x - a scroll of noise
 E - 3 scrolls of magic mapping
Potions
 d - 2 potions of might
 o - 9 potions of curing
 q - 2 potions of agility
 r - 5 potions of flight
 t - 5 potions of brilliance
 z - a potion of invisibility
 C - 3 potions of lignification
 F - 2 potions of berserk rage
 G - a potion of haste
 K - 2 potions of mutation
Miscellaneous
 J - a sack of spiders
Comestibles
 f - 20 rations


   Skills:
 * Level 10.7 Fighting
 + Level 16.2 Axes
 + Level 10.7 Armour
 - Level 0.1 Dodging
 - Level 0.1 Stealth
 + Level 10.5 Shields
 * Level 5.4 Evocations


You had 11 spell levels left.
You didn't know any spells.

Dungeon Overview and Level Annotations

Branches:
Dungeon (12/15)            Temple (0/1) D:7            Lair (0/6) D:10
    Orc (2/2) D:12
    Elf: Orc:2

Altars:
Ashenzari
Cheibriados
Dithmenos
Elyvilon
Fedhas
Gozag
Kikubaaqudgha
Makhleb
The Shining One
Beogh

Shops:
D:8 }   D:11 =   Orc:2 (


Innate Abilities, Weirdness & Mutations

You reflexively headbutt those who attack you in melee.
You have a pair of horns on your head.


Message History

The orc warlord is heavily wounded.
The orc warlord hits you with a great sword of holy wrath!!!
Ouch! That really hurt!
* * * LOW HITPOINT WARNING * * *
You feel much better.
The orc warlord hits you with a great sword of holy wrath!!
* * * LOW HITPOINT WARNING * * *
Okay, then.
As you read the scroll of fear, it crumbles to dust.
You assume a fearsome visage.
The orc warlord resists with some effort.
The orc warlord hits you with a great sword of holy wrath!!
The Shining One protects you from harm! None of your equipped items are cursed.
As you read the scroll of teleportation, it crumbles to dust.
You feel strangely unstable.
You feel yourself speed up.
The orc warlord no longer looks unusually strong.
The orc warlord hits you with a great sword of holy wrath!
You die...

##...............## ##....
#.................# #...##
#.............##.## ###..##
##............#...# ###.#...#
##.#............#.####....#.##
####...#...........#.###....##.##
#.#.#..#...............##......(#
...............)o).......#.......
#...#..##......)@)...#.........[.
.......#.......[.[#........#...))
.)....#.....#.............#....[[
.###.#.......#......)...........[
####.##......#......)....._......
##.......................(......
##...##......#.#.#.....).).......
#.....#.....###........[.........
##.#...#.....###.......)...##..##


You could see an orc warlord.

Vanquished Creatures
  Fannar (Orc:1)
  Harold (D:11)
  5 two-headed ogres
  A tengu warrior (D:10)
  The ghost of nicolaieve the Severer, a novice MiBe of Trog (D:10)
  An unseen horror (D:11)
  2 orc knights (Orc:1)
  A cyclops (D:11)
  An ugly thing (D:12)
  Maurice (D:11)
  A gargoyle (D:11)
  3 trolls
  Prince Ribbit (D:7)
  A hornet (D:8)
  Grinder (D:3)
  3 hippogriffs
  A shadow (D:11)
  10 yaks (D:10)
  A hungry ghost (D:9)
  Menkaure (D:7)
  3 wargs (Orc:1)
  A soldier ant (D:10)
  Duvessa (D:7)
  15 orc warriors
  2 porcupines (D:10)
  5 ice beasts
  A necrophage (D:9)
  13 ogres
  2 phantoms
  6 centaurs
  3 big kobolds
  9 bullfrogs
  A gnoll sergeant (D:9)
  Dowan (D:7)
  7 scorpions
  2 water moccasin skeletons
  21 killer bees
  8 wights
  3 howler monkeys
  An electric eel (D:10)
  4 crimson imps
  A centaur skeleton (D:8)
  6 hounds
  6 bullfrog skeletons
  14 orc priests
  Crazy Yiuf (D:5)
  A gnoll shaman (Orc:1)
  Terence (D:3)
  2 iguanas
  11 worker ants
  21 orc wizards
  A hound skeleton (D:10)
  2 worker ant zombies
  19 gnolls
  11 adders
  5 shadow imps
  An ooze (D:1)
  An adder zombie (D:6)
  3 adder skeletons
  A worm (D:2)
  4 leopard geckos
  73 orcs
  5 giant cockroaches
  11 goblins
  A hobgoblin (D:3)
  7 jackals
  20 kobolds
  3 quokkas
  A ball python (D:1)
  5 bats
  5 frilled lizards
  6 hobgoblin zombies (D:6)
  A jackal skeleton (D:4)
  A jackal zombie (D:5)
  A kobold skeleton (D:6)
  A kobold zombie (D:6)
  2 orc skeletons (D:6)
  An orc zombie (D:6)
  A quokka skeleton (D:8)
  5 rats
  A fungus (D:10)
410 creatures vanquished.

Vanquished Creatures (collateral kills)
  An orc warrior (D:10)
1 creature vanquished.

Vanquished Creatures (others)
  An orc warrior (Orc:1)
1 creature vanquished.

Grand Total: 412 creatures vanquished

Notes
Turn   | Place    | Note
-------+----------+-------------------------------------------
     0 | D:1      | masayah the Minotaur Fighter began the quest for the Orb.
     0 | D:1      | Reached XP level 1. HP: 19/19 MP: 0/0
   114 | D:1      | Reached XP level 2. HP: 25/27 MP: 1/1
   868 | D:2      | Reached XP level 3. HP: 31/33 MP: 2/2
   900 | D:2      | Reached skill level 3 in Axes
   915 | D:2      | Found a snail-covered altar of Cheibriados.
   921 | D:2      | Found an ancient bone altar of Kikubaaqudgha.
   923 | D:2      | Found a white marble altar of Elyvilon.
  1477 | D:3      | Noticed Terence
  1483 | D:3      | Killed Terence
  1483 | D:3      | Reached XP level 4. HP: 31/40 MP: 3/3
  1611 | D:3      | Reached skill level 4 in Axes
  1633 | D:3      | Found an opulent altar of Gozag.
  1658 | D:3      | Reached XP level 5. HP: 24/46 MP: 4/4
  1879 | D:3      | Found a shattered altar of Ashenzari.
  1960 | D:3      | Reached skill level 5 in Axes
  2026 | D:3      | Noticed Grinder
  2038 | D:3      | Killed Grinder
  2038 | D:3      | Reached skill level 6 in Axes
  2038 | D:3      | Reached XP level 6. HP: 36/53 MP: 5/5
  2601 | D:4      | Reached skill level 5 in Armour
  3028 | D:5      | Entered Level 5 of the Dungeon
  3048 | D:5      | Reached skill level 7 in Axes
  3048 | D:5      | Reached XP level 7. HP: 60/60 MP: 6/6
  3101 | D:5      | Reached skill level 5 in Shields
  3113 | D:5      | Reached skill level 8 in Axes
  3261 | D:5      | Noticed a hippogriff
  3272 | D:5      | Killed a hippogriff
  3272 | D:5      | Reached skill level 5 in Fighting
  3272 | D:5      | Reached skill level 9 in Axes
  3272 | D:5      | Reached XP level 8. HP: 60/68 MP: 7/7
  3554 | D:5      | Found a runed door.
  3715 | D:5      | Noticed Crazy Yiuf
  3721 | D:5      | Killed Crazy Yiuf
  4131 | D:6      | Found a glowing golden altar of the Shining One.
  4146 | D:6      | Became a worshipper of the Shining One
  4171 | D:6      | Reached skill level 10 in Axes
  4705 | D:6      | Reached skill level 11 in Axes
  4745 | D:6      | Reached XP level 9. HP: 58/75 MP: 8/8
  4986 | D:7      | Noticed Menkaure
  4992 | D:7      | Killed Menkaure
  5156 | D:7      | Found a shadowy altar of Dithmenos.
  5271 | D:7      | Found a blossoming altar of Fedhas.
  5465 | D:7      | Reached * piety under the Shining One
  5489 | D:7      | Reached skill level 12 in Axes
  5590 | D:7      | Found a staircase to the Ecumenical Temple.
  5649 | D:7      | Noticed Prince Ribbit
  5661 | D:7      | Killed Prince Ribbit
  5903 | D:7      | Noticed Dowan
  5930 | D:7      | Noticed Duvessa
  5943 | D:7      | Killed Duvessa
  5954 | D:7      | Killed Dowan
  6042 | D:8      | Found Udoyfirph's Gadget Shoppe.
  6230 | D:8      | Reached skill level 13 in Axes
  6286 | D:8      | Reached XP level 10. HP: 82/84 MP: 9/9
  6319 | D:8      | Found a white marble altar of Elyvilon.
  6347 | D:8      | Noticed a two-headed ogre
  6347 | D:8      | Reached ** piety under the Shining One
  6356 | D:8      | Killed a two-headed ogre
  7002 | D:9      | Reached skill level 14 in Axes
  7082 | D:9      | Noticed a two-headed ogre
  7098 | D:9      | Killed a two-headed ogre
  7408 | D:9      | Reached skill level 1 in Evocations
  7501 | D:9      | Found a burning altar of Makhleb.
  8067 | D:10     | Entered Level 10 of the Dungeon
  8069 | D:10     | Reached *** piety under the Shining One
  8080 | D:10     | Noticed a two-headed ogre
  8083 | D:10     | Noticed a two-headed ogre
  8091 | D:10     | Killed a two-headed ogre
  8091 | D:10     | Reached skill level 15 in Axes
  8091 | D:10     | Reached XP level 11. HP: 33/94 MP: 9/11
  8101 | D:10     | Killed a two-headed ogre
  8473 | D:10     | Found a staircase to the Lair.
  8534 | D:10     | Noticed a tengu warrior
  8558 | D:10     | Killed a tengu warrior
  9007 | D:10     | Noticed nicolaieve's ghost (novice MiBe)
  9020 | D:10     | Killed nicolaieve's ghost
 10096 | D:11     | Noticed Harold
 10106 | D:11     | Reached **** piety under the Shining One
 10132 | D:11     | Killed Harold
 10452 | D:11     | Noticed a two-headed ogre
 10467 | D:11     | Killed a two-headed ogre
 10475 | D:11     | Reached skill level 16 in Axes
 10497 | D:11     | Noticed an unseen horror
 10508 | D:11     | Killed an unseen horror
 10508 | D:11     | Reached skill level 10 in Armour
 10508 | D:11     | Reached XP level 12. HP: 100/105 MP: 14/14
 10641 | D:11     | Found Wexugaz's Jewellery Emporium.
 10680 | D:11     | Got a glittering bronze amulet
 10725 | D:11     | Identified the amulet of Xuisup {Spirit Int-3 Dex+6} (You took it off an orc wizard on level 11 of the Dungeon)
 10727 | D:11     | Bought a +5 amulet of reflection for 494 gold pieces
 10897 | D:11     | Noticed Maurice
 10905 | D:11     | Killed Maurice
 11564 | D:12     | Found a staircase to the Orcish Mines.
 11596 | D:12     | Reached skill level 10 in Shields
 11725 | Orc:1    | Entered Level 1 of the Orcish Mines
 11725 | Orc:1    | Found a burning altar of Makhleb.
 11793 | D:12     | Reached skill level 5 in Evocations
 11882 | Orc:1    | Reached skill level 10 in Fighting
 12118 | Orc:1    | Found a roughly hewn altar of Beogh.
 12154 | Orc:1    | Noticed Fannar
 12186 | Orc:1    | Killed Fannar
 12878 | Orc:2    | Entered Level 2 of the Orcish Mines
 12878 | Orc:2    | Found Osous's Antique Weapon Boutique.
 12880 | Orc:2    | Reached ***** piety under the Shining One
 13054 | Orc:2    | Noticed an orc warlord
 13071 | Orc:2    | Noticed an orc high priest
 13090 | Orc:1    | The Shining One protects you from harm!
 13092 | Orc:1    | Slain by an orc warlord

Skill      XL: |  1  2  3  4  5  6  7  8  9 10 11 12 |
---------------+-------------------------------------+-----
Shields        | 4 5 6 8 9 10 | 10.5
Armour         | 4 5 6 7 8 10 | 10.7
Axes           | 3 4 6 7 9 11 13 15 16 | 16.2
Fighting       | 4 5 6 8 9 10 | 10.7
Evocations     | 1 4 5 |  5.4
Dodging        | |  0.1
Stealth        | |  0.1

Action                   |  1- 3 |  4- 6 |  7- 9 | 10-12 || total
-------------------------+-------+-------+-------+-------++-------
Melee: War axe           |    75 |    71 |   365 |   607 ||  1118
       Headbutt          |     7 |    11 |    66 |   115 ||   199
       Mace              |       |       |     2 |       ||     2
  Use: Scroll            |     5 |     4 |     7 |    10 ||    26
       Potion            |       |     1 |       |     5 ||     6
  Eat: Chunk             |     2 |    14 |     9 |    18 ||    43
       Ration            |       |       |       |     1 ||     1
Armor: Scale mail        |    29 |     5 |       |       ||    34
       Chain mail        |       |    28 |   141 |   168 ||   337
Dodge: Dodged            |    25 |     9 |    69 |    94 ||   197
Block: Shield            |    39 |    38 |   159 |   348 ||   584
       Reflection        |       |       |       |     5 ||     5
